 Dungeon Crawl Stone Soup version 0.26-a0-651-gb41185065b (webtiles) character file.

Game seed: 9445800387315157609

260 smeego the Skirmisher (level 6, -3/43 HPs)
             Began as an Octopode Fighter on Oct 1, 2020.
             Was a Follower of Dithmenos.
             Slain by a gnoll
             ... wielding a +0 whip
              (12 damage)
             ... on level 4 of the Dungeon.
             The game lasted 00:03:31 (3744 turns).

smeego the Skirmisher (Octopode Fighter)            Turns: 3744, Time: 00:03:31

Health: -3/43      AC:  1    Str: 17    XL:     6   Next: 17%
Magic:  7/7        EV: 12    Int: 11    God:    Dithmenos [*.....]
Gold:   193        SH:  9    Dex: 11    Spells: 5/5 levels left

rFire    . . .     SeeInvis .   a - +0 long sword
rCold    . . .     Faith    .   b - +0 kite shield
rNeg     . . .     Spirit   .   (helmet restricted)
rPois    .         Reflect  .   (no amulet)
rElec    .         Harm     .   (no ring)
rCorr    .         Rampage  .   (no ring)
MR       .....                  (no ring)
Stlth    +++.......             (no ring)
HPRegen  0.14/turn              (no ring)
MPRegen  0.10/turn              (no ring)
                                (no ring)
                                (no ring)

@: flying, wreathed by umbra
A: almost no armour, stealthy swim, amphibious, 8 rings, constrict 8, camouflage
1, gelatinous body 1
a: Renounce Religion


You were on level 4 of the Dungeon.
You worshipped Dithmenos.
Dithmenos was aware of your devotion.
You visited 1 branch of the dungeon, and saw 4 of its levels.

You collected 193 gold pieces.

Inventory:

Hand Weapons
 a - a +0 long sword (weapon)
 e - a +0 dagger
Missiles
 d - 37 poisoned darts (quivered)
 k - 7 curare-tipped darts
Armour
 b - a +0 kite shield (worn)
Jewellery
 q - a cursed ring of attention {unknown}
Scrolls
 g - a scroll of magic mapping {unknown}
 i - 4 scrolls of fog {unknown}
 j - 2 scrolls of enchant armour {unknown}
 l - 3 scrolls of remove curse {unknown}
 o - a scroll of identify {unknown}
 p - a scroll of teleportation {unknown}
Potions
 c - 3 potions of might
 h - a potion of magic {unknown}
 n - a potion of stabbing {unknown}


   Skills:
 + Level 3.7 Fighting
 * Level 3.4 Long Blades
 + Level 1.6 Throwing
 + Level 3.4 Dodging
 + Level 2.5 Stealth
 + Level 3.5 Shields
 + Level 1.7 Unarmed Combat
 + Level 1.4 Invocations


You had 5 spell levels left.
You didn't know any spells.
Your spell library contained the following spells:

 Spells                   Type           Power        Failure   Level
 Summon Small Mammal      Summ           #...         83%         1
 Call Imp                 Summ           #.......     93%         2
 Call Canine Familiar     Summ           #.......     99%         3
 Summon Guardian Golem    Hex/Summ       #.......     99%         3
 Summon Ice Beast         Ice/Summ       #.......     100%        4
 Summon Lightning Spire   Summ/Air       #.......     100%        4


Dungeon Overview and Level Annotations

Branches:
Dungeon (4/15)
 Temple: D:4-7

Altars:
Ashenzari
Dithmenos
Ru
Sif Muna
Vehumet
Zin
The Shining One


Innate Abilities, Weirdness & Mutations

You cannot wear most types of armour.
You are very stealthy in the water. (Stealth+)
You are amphibious.
You can wear up to eight rings at the same time.
You can use your tentacles to constrict eight enemies at once.
Your skin changes colour to match your surroundings (Stealth+).
Your rubbery body absorbs attacks. (AC +1, EV +1)


Message History

You constrict the gnoll. The gnoll hits you with a +0 whip.
The gnoll completely misses you.
Unknown command.
You release your grip on the gnoll.
The gnoll hits you with a cursed +0 spear.
You hit the gnoll but do no damage. You grab the gnoll.
You constrict the gnoll. You block the gnoll's attack.
The gnoll barely misses you.
You slash the gnoll!
You kill the gnoll!
Dithmenos accepts your kill. The gnoll hits you with a +0 whip!
The gnoll hits you with a +0 whip.
* * * LOW HITPOINT WARNING * * *
You see here a cursed +0 spear.
It was a potion of flight.
You feel very buoyant.
You fly up into the air.
The gnoll hits you with a +0 whip!
* * * LOW HITPOINT WARNING * * *
You feel better. The gnoll hits you with a +0 whip!
You die...

#....>.†......................
#####...#)#######...^.##.####
#...#.# #.##..##.#
#...#.#######.##..##.#
#...#s............._.#
#.........###.###.#..#####
##..#####.###.###.........
#..#####.#..........#####
#.....sg@...######.##
##.>#####....# #.#
#............# #.#
##.........### #.# ##.#####..#
#.# #.# #..# #.# #.# #..# #.#
###.######.#######
#.................


You could see a gnoll and a giant cockroach.

Vanquished Creatures
  A hound (D:4)
  A bullfrog skeleton (D:3)
  2 gnolls (D:4)
  11 adders
  A shadow imp (D:3)
  2 oozes
  3 worms
  2 leopard geckos
  An orc (D:3)
  3 ball pythons
  3 giant cockroaches
  5 goblins
  4 hobgoblins
  9 kobolds
  A quokka (D:4)
  8 bats
  4 frilled lizards
  7 rats
68 creatures vanquished.

Notes
Turn   | Place    | Note
-------+----------+-------------------------------------------
     0 | D:1      | smeego the Octopode Fighter began the quest for the Orb.
     0 | D:1      | Reached XP level 1. HP: 16/16 MP: 1/1
    89 | D:1      | Reached XP level 2. HP: 13/21 MP: 2/2
  1224 | D:2      | Found a sacrificial altar of Ru.
  1232 | D:2      | Reached skill level 1 in Stealth
  1232 | D:2      | Reached XP level 3. HP: 20/26 MP: 3/3
  1573 | D:2      | Reached skill level 1 in Unarmed Combat
  1594 | D:2      | Found a shadowy altar of Dithmenos.
  1601 | D:2      | Reached skill level 1 in Throwing
  1601 | D:2      | Reached XP level 4. HP: 22/31 MP: 4/4
  1607 | D:2      | Became a worshipper of Dithmenos the Shadowed
  2327 | D:2      | Found a shimmering blue altar of Sif Muna.
  2644 | D:3      | Reached XP level 5. HP: 34/36 MP: 5/5
  2648 | D:3      | Found a broken altar of Ashenzari.
  2658 | D:3      | Reached * piety under Dithmenos
  2736 | D:3      | Found a glowing golden altar of the Shining One.
  2775 | D:3      | Reached skill level 1 in Invocations
  3211 | D:3      | Found a glowing silver altar of Zin.
  3477 | D:4      | Found a radiant altar of Vehumet.
  3709 | D:4      | Reached XP level 6. HP: 41/43 MP: 5/7
  3740 | D:4      | HP: 1/43 [gnoll/+0 whip (10)]
  3744 | D:4      | Slain by a gnoll

Illustrated notes

Levels and vault maps discovered:
D:1:      dpeg_arrival_stone_temple_mockup, layout_basic
D:2:      layout_loops_ring, lemuel_crystal_altar, lemuel_crystal_altar,
          lemuel_blue_sif_altar, minmay_3d_cube
D:3:      layout_basic, lemuel_doored_altar, evilmike_ruin_ashenzari, tso_altar
D:4:      layout_loops_ring, fedhas_altar_2, overflow_temple_1_default,
          overflow_temple_1_default, kennysheep_decorative_pillar,
          elyvilon_altar_1, uniq_duvessa

Skill      XL: |  1  2  3  4  5 |
---------------+----------------+-----
Stealth        | 1 2 |  2.5
Unarmed Combat | 1 |  1.7
Throwing       | 1 |  1.6
Long Blades    | 3 |  3.4
Invocations    | 1 |  1.4
Fighting       | |  3.7
Dodging        | |  3.4
Shields        | |  3.5

Action                   |  1- 3 |  4- 6 || total
-------------------------+-------+-------++-------
Melee: Long sword        |    43 |    81 ||   124
       Constrict         |    13 |    24 ||    37
       Tentacles         |    13 |    15 ||    28
       Punch             |       |     1 ||     1
Throw: Dart              |     1 |       ||     1
  Use: Potion            |     1 |     2 ||     3
 Stab: Sleeping          |     5 |    19 ||    24
Armor: Skin              |     1 |     7 ||     8
Dodge: Dodged            |    18 |    38 ||    56
Block: Kite shield       |    17 |    26 ||    43
       Rpst.: Long sword |     5 |    15 ||    20

Table legend: (Time is in decaauts)
 A = Elapsed time spent in this place.
 B = Non-inter-level travel time spent in this place.
 C = Inter-level travel time spent in this place.
 D = Time resting spent in this place.
 E = Time spent auto-exploring this place.
 F = Levels seen in this place.
 G = Mean time per level.
                   A        B        C        D        E       F      G
               +--------+--------+--------+--------+--------+-----+--------+
         Total |   3786 |   3681 |    105 |    801 |   2428 |   4 |  946.5 |
       Dungeon |   3786 |   3681 |    105 |    801 |   2428 |   4 |  946.5 |
               +--------+--------+--------+--------+--------+-----+--------+

Top non-repeatable levels by time:
     D:2: 1369 daAuts
     D:1: 1232 daAuts
     D:3: 904 daAuts
     D:4: 279 daAuts
